 Dungeon Crawl Stone Soup version 0.31-a0-329-g52107efa6a (webtiles) character file.

Game seed: 5851101761777415684

1449 AdnanSaban the Cudgeller (level 8, -2/50 HPs)
             Began as a Gargoyle Fighter on July 19, 2023.
             Was a Believer of Okawaru.
             Killed from afar by Dowan (9 damage)
             ... with a stone arrow
             ... on level 6 of the Dungeon.
             The game lasted 00:06:06 (5211 turns).

AdnanSaban the Cudgeller (Gargoyle Fighter)         Turns: 5211, Time: 00:06:16

Health: -2/50      AC: 17    Str: 22    XL:     8   Next: 75%
Magic:  8/8        EV:  9    Int:  9    God:    Okawaru [**....]
Gold:   240        SH:  4    Dex:  9    Spells: 7/7 levels left

rFire   . . .        v - +2 flail (heavy)
rCold   . . .        c - +0 buckler
rNeg    + . .        b - +0 scale mail
rPois   ∞            r - +0 helmet
rElec   +            u - +0 cloak
rCorr   .            p - +0 pair of gloves
SInv    .            (no boots)
Will    .....        (no amulet) Stlth
                     (no ring)
HPRegen 0.28/turn    (no ring)
MPRegen 0.11/turn

%: no passive effects
@: no status effects
A: sickness immunity, AC +5, negative energy resistance 1, electricity
resistance, torment resistance 1, petrification resistance
a: Renounce Religion, Heroism


You were on level 6 of the Dungeon.
You worshipped Okawaru.
Okawaru was pleased with you.
You visited 2 branches of the dungeon, and saw 7 of its levels.

You collected 240 gold pieces.

Inventory:

Hand Weapons
 v - a +2 heavy flail (weapon)
Armour
 b - a +0 scale mail (worn)
 c - a +0 buckler (worn)
 p - a +0 pair of gloves (worn)
 r - a +0 helmet (worn)
 u - a +0 cloak (worn)
Jewellery
 a - a +6 ring of intelligence
Wands
 x - a wand of iceblast (7)
Scrolls
 g - 3 scrolls of revelation {unknown}
 h - 3 scrolls of acquirement {unknown}
 i - a scroll of teleportation {unknown}
 m - a scroll of fear {unknown}
 n - 3 scrolls of identify {unknown}
 o - a scroll of enchant armour {unknown}
 t - a scroll of enchant weapon {unknown}
 w - 2 scrolls of fog {unknown}
Potions
 d - a potion of might
 e - a potion of mutation {unknown}
 f - a potion of enlightenment {unknown}
 j - 3 potions of berserk rage {unknown}
 k - a potion of brilliance {unknown}
 l - 2 potions of curing {unknown}
 q - a potion of magic {unknown}
 s - a potion of lignification {unknown}
 z - a potion of resistance {unknown}


   Skills:
 + Level 5.4 Fighting
 + Level 7.3 Maces & Flails
 + Level 7.3 Armour
 + Level 4.7 Shields


You had 7 spell levels left.
You didn't know any spells.
Your spell library contained the following spells:

 Spells                   Type           Power      Damage    Failure   Level
 Slow                     Hex            0%         N/A       75%         1
 Blink                    Tloc           0%         N/A       87%         2
 Lesser Beckoning         Tloc           0%         N/A       87%         2
 Momentum Strike          Conj/Tloc      0%         3d8       87%         2
 Confusing Touch          Hex            0%         N/A       98%         3
 Vampiric Draining        Necr           0%         2d6       98%         3
 Orb of Destruction       Conj           0%         9d5       100%        7
 Summon Guardian Golem    Hex/Summ       Unusable   N/A       N/A         3
 Spellforged Servitor     Conj/Summ      Unusable   N/A       N/A         7

Dungeon Overview and Level Annotations

Branches:
Dungeon (6/15)             Temple (1/1) D:5

Altars:
Ashenzari
Cheibriados
Dithmenos
Elyvilon
Fedhas
Gozag
Hepliaklqana
Kikubaaqudgha
Makhleb
Nemelex Xobeh
Okawaru
Qazlal
Ru
Sif Muna
Trog
Uskayaw
Vehumet
Wu Jian
Xom
Yredelemnul
Zin
The Shining One

Shops:
D:4 ([

Annotations:
D:6 Dowan


Innate Abilities, Weirdness & Mutations

You are immune to sickness and miasma.
Your stone body is resilient. (AC +5)
You are immune to poison.
You resist negative energy. (rN+)
You are resistant to electric shocks. (rElec)
You are resistant to unholy torment.
You are immune to petrification.


Message History

You kill the scorpion!
Okawaru accepts your kill.
No target in view!
Dowan, Brother of Duvessa comes into view.
He is wielding a +0 dagger.
Dowan shouts!
You hear a shout!
Dowan moves out of view.
Duvessa, Sister of Dowan comes into view.
She is wielding a +5 short sword of speed and wearing a +1 ring mail of cold resistance.
You barely miss Duvessa.
Duvessa hits you with a +5 short sword of speed!
Duvessa hits you with a +5 short sword of speed.
You sock Duvessa!
Duvessa is moderately wounded.
Duvessa hits you with a +5 short sword of speed.
Dowan gestures wildly while chanting.
Dowan blinks!
Duvessa hits you with a +5 short sword of speed.
You closely miss Duvessa.
Duvessa is moderately wounded.
Duvessa says, "Practise, practise, practise!
One day you'll be as good as me." You block Duvessa's attack.
Duvessa hits you with a +5 short sword of speed!
You bludgeon Duvessa!!
Duvessa is almost dead.
Duvessa hits you with a +5 short sword of speed. x2
* * * LOW HITPOINT WARNING * * *
You hit Duvessa.
Duvessa is almost dead.
Duvessa hits you with a +5 short sword of speed.
* * * LOW HITPOINT WARNING * * *
Duvessa hits you with a +5 short sword of speed.
* * * LOW HITPOINT WARNING * * *
Duvessa hits you but does no damage.
You thump Duvessa!
You kill Duvessa!
Okawaru accepts your kill.
Dowan screams, "No!
Oh no!"
Dowan seems to find hidden reserves of power!
Dowan casts a spell at you. The stone arrow hits you!
You die...

#.#####################.##<#.#
#...............#............#
#.#############.#.#####..#.#.#
#.# #.#.# #..#.#.# #.# #.#.#
#..#.#)# #.# #.#.# #..#.#.#
#.# ###.#.# #..#.#.# #.#
#.....# #..#.#.# ####.#
#@#.#######..#.#.# ..##.#
########e#............#.#
#.##.#
...e......#############.#
#.##.# .................. ..#
#....# ...........#######
.....# ...........# ####)#
########.#.# #.## #.#.#
##..##########.#.###


You could see Dowan (fast).

Vanquished Creatures
  Sigmund (D:6)
  Duvessa (D:6)
  2 water moccasins (D:6)
  An ice beast (D:6)
  A black bear (D:6)
  2 centaurs
  A gnoll sergeant (D:4)
  3 scorpions
  2 hounds
  2 jellies
  An iguana (D:5)
  A sleepcap (D:4)
  2 orc wizards (D:3)
  Robin (D:2)
  9 gnolls
  2 adders
  A shadow imp (D:5)
  A worm (D:2)
  A dart slug (D:2)
  19 orcs
  7 ball pythons
  6 bats
  10 endoplasms
  3 giant cockroaches
  22 goblins
  17 hobgoblins
  5 jackals
  3 quokkas
  3 frilled lizards
  17 kobolds
  6 rats
153 creatures vanquished.

Notes
Turn   | Place    | Note
-------+----------+-------------------------------------------
     0 | D:1      | AdnanSaban the Gargoyle Fighter began the quest for the
                  | Orb.
     0 | D:1      | Reached XP level 1. HP: 14/14 MP: 1/1
    66 | D:1      | Reached XP level 2. HP: 17/19 MP: 2/2
   261 | D:1      | Reached XP level 3. HP: 22/24 MP: 3/3
  1042 | D:2      | Found a hide-covered altar of Uskayaw.
  1052 | D:2      | Noticed Robin
  1066 | D:2      | Killed Robin
  1067 | D:2      | Reached XP level 4. HP: 15/29 MP: 4/4
  2020 | D:3      | Reached XP level 5. HP: 29/33 MP: 5/5
  2319 | D:3      | HP: 1/33 [orc wizard/magic dart (5)]
  2604 | D:4      | Found Kuyrch's Antique Armour Emporium.
  2631 | D:4      | Found Fefeoduf's Antique Weapon Boutique.
  2641 | D:4      | Found a hazy altar of Hepliaklqana.
  2667 | D:4      | Found a shimmering blue altar of Sif Muna.
  3355 | D:5      | Entered Level 5 of the Dungeon
  3428 | D:5      | Reached XP level 6. HP: 24/38 MP: 6/6
  3686 | D:5      | Reached skill level 5 in Armour
  3829 | D:5      | Reached skill level 5 in Maces & Flails
  3829 | D:5      | Reached XP level 7. HP: 41/44 MP: 7/7
  3911 | D:5      | Found a faded altar of an unknown god.
  3913 | D:5      | Found a staircase to the Ecumenical Temple.
  3923 | Temple   | Entered the Ecumenical Temple
  3951 | Temple   | Became a worshipper of Warmaster Okawaru
  4167 | D:6      | Identified the +1 mace "Ugacwoej" {flame, rC+ Will+ Str-3
                  | Int+3}
  4208 | D:6      | Noticed Sigmund
  4228 | D:6      | Killed Sigmund
  4502 | D:6      | Reached * piety under Okawaru
  4556 | D:6      | Reached XP level 8. HP: 25/48 MP: 8/8
  4562 | D:6      | Reached skill level 5 in Fighting
  4883 | D:6      | Reached ** piety under Okawaru
  5197 | D:6      | Noticed Dowan
  5198 | D:6      | Noticed Duvessa
  5211 | D:6      | Killed Duvessa
  5211 | D:6      | Killed from afar by Dowan

Illustrated notes

Levels and vault maps discovered:
D:1:      lightli_arrival_statue_moat, layout_basic
D:2:      layout_basic, basic_altar, serial_bayou_pond_e, grunt_ministairs_14,
          uniq_robin
D:3:      layout_loops_ring
D:4:      layout_cave_pods, mainiacjoe_overflow_large_starburst, serial_shops,
          nicolae_shop_tiny_real_fake_doors, shop, minmay_misc_feat_columns,
          minmay_misc_feat_x, hangedman_minor_gate_pass
D:5:      layout_basic, nicolae_temple_entry_ecumenical
D:6:      corexii_shantytown, layout_basic, uniq_duvessa, uniq_sigmund
Temple:   nicolae_temple_bog_church

Skill      XL: |  1  2  3  4  5  6  7  8 |
---------------+-------------------------+-----
Maces & Flails | 3 4 5 6 7 |  7.3
Armour         | 4 5 6 7 |  7.3
Fighting       | 4 5 |  5.4
Shields        | 4 |  4.7

Action                     |  1- 3 |  4- 6 |  7- 9 || total
---------------------------+-------+-------+-------++-------
  Melee: Flail             |   121 |   221 |   126 ||   468
 Armour: Scale mail        |    69 |   141 |    86 ||   296
  Dodge: Dodged            |    72 |    93 |    57 ||   222
  Block: Buckler           |    24 |    52 |    30 ||   106

Table legend: (Time is in decaauts)
 A = Elapsed time spent in this place.
 B = Non-inter-level travel time spent in this place.
 C = Inter-level travel time spent in this place.
 D = Time resting spent in this place.
 E = Time spent auto-exploring this place.
 F = Levels seen in this place.
 G = Mean time per level.
                   A        B        C        D        E       F      G
               +--------+--------+--------+--------+--------+-----+--------+
         Total |   5416 |   5186 |    230 |    265 |   3781 |   7 |  773.7 |
       Dungeon |   5369 |   5184 |    185 |    265 |   3781 |   6 |  894.8 |
        Temple |     47 |      2 |     45 |      0 |      0 |   1 |   47.0 |
               +--------+--------+--------+--------+--------+-----+--------+

Top non-repeatable levels by time:
     D:6: 1116 daAuts
     D:4: 1086 daAuts
     D:2: 1050 daAuts
     D:3: 838 daAuts
     D:5: 678 daAuts
     D:1: 599 daAuts
  Temple: 47 daAuts
